 Dungeon Crawl Stone Soup version 0.21.1-1-g345015f (webtiles) character file.

389 diana the Slasher (level 6, -3/51 HPs)
             Began as a Barachi Fighter on June 24, 2018.
             Slain by a sky beast (6 damage)
             ... on level 5 of the Dungeon.
             The game lasted 00:06:16 (3597 turns).

diana the Slasher (Barachi Fighter)                 Turns: 3597, Time: 00:06:17

Health: -3/51      AC: 12    Str: 18    XL:     6   Next: 79%
Magic:  6/6        EV:  6    Int:  9    God:
Gold:   146        SH:  9    Dex: 12    Spells: 5/5 levels left

rFire    . . .     SeeInvis .   a - +0 long sword
rCold    . . .     Gourm    .   c - +0 shield
rNeg     . . .     Faith    .   k - +0 chain mail (curse)
rPois    .         Spirit   .   d - +2 helmet
rElec    .         Reflect  .   (no cloak)
rCorr    .         Harm     .   (no gloves)
MR       .....                  (no boots)
Stlth    ..........             (no amulet)
HPRegen  0.17/turn              (no ring)
MPRegen  0.10/turn              (no ring)

@: slow
A: +LOS, swims, slowness 1, strong legs 1
a: Hop


You were on level 5 of the Dungeon.
You were not hungry.

You visited 1 branch of the dungeon, and saw 5 of its levels.

You collected 146 gold pieces.

Inventory:

Hand Weapons
 a - a +0 long sword (weapon)
Armour
 c - a +0 shield (worn)
 d - a +2 helmet (worn)
 k - a cursed +0 chain mail (worn)
Wands
 q - a wand of iceblast (10)
Scrolls
 b - a scroll of teleportation {unknown}
 e - a scroll of random uselessness {unknown}
 g - a scroll of amnesia {unknown}
 i - 3 scrolls of remove curse {unknown}
 l - a scroll of blinking {unknown}
 p - a scroll of fear {unknown}
 r - 3 scrolls of identify {unknown}
 t - a scroll of immolation {unknown}
 w - a scroll of noise {unknown}
 y - a scroll of enchant weapon {unknown}
 B - a scroll of magic mapping {unknown}
Potions
 h - a potion of magic {unknown}
 j - a potion of haste {unknown}
 m - 3 potions of heal wounds {unknown}
 n - a potion of invisibility {unknown}
 o - a potion of ambrosia {unknown}
 s - a potion of resistance {unknown}
 u - 2 potions of lignification {unknown}
 v - a potion of berserk rage {unknown}
 x - 3 potions of mutation {unknown}
 z - a potion of flight {unknown}
Comestibles
 f - 9 rations
 A - a chunk of flesh


   Skills:
 + Level 5.4 Fighting
 * Level 6.1 Long Blades
 - Level 3.7 Armour
 + Level 3.3 Dodging
 - Level 3.3 Shields


You had 5 spell levels left.
You didn't know any spells.

Dungeon Overview and Level Annotations

Branches:
Dungeon (5/15)
 Temple: D:4-7

Altars:
Qazlal

Shops:
D:5 (


Innate Abilities, Weirdness & Mutations

Shadows flee at your approach. (+LOS)
You can swim through water.
You cover ground slowly.
You can hop short distances.


Message History

The sky beast hits you but does no damage.
You block the sky beast's attack.
You hit the sky beast but do no damage.
The sky beast is heavily wounded.
The sky beast hits you but does no damage.
You hit the sky beast but do no damage.
The sky beast is moderately wounded.
The sky beast hits you.
* * * LOW HITPOINT WARNING * * *
The sky beast shocks you.
* * * LOW HITPOINT WARNING * * *
You slash the sky beast!
The sky beast is severely wounded.
You block the sky beast's attack.
You hit the sky beast but do no damage.
The sky beast is severely wounded.
The sky beast hits you.
* * * LOW HITPOINT WARNING * * *
The sky beast shocks you.
You die...

##########..#
###.....>.....## ####+##
##....####'###..###
##......##...####.....#.†..##
.........##.## #.♣.♣.#......
..........#.# #..∩..#.<..))
..........#.## #.♣.♣.#......
♣.$..†..####.....#.....)
♣.$..♣...##@...#######......
♣.♣ ♣....###Y.≈.# #...####.
♣....# #....# #...## #.
♣...## ###.####..# #.. .....#
##.#.### #.. .....## #.....#
... .....# #....># ..## ...##
#....## >.# ##...# #.#


You could see a sky beast.

Vanquished Creatures
  A hound (D:5)
  An orc priest (D:5)
  An iguana (D:4)
  2 worker ants (D:4)
  12 gnolls
  7 adders
  An ooze (D:2)
  An adder skeleton (D:4)
  2 worms (D:2)
  2 leopard geckos
  7 orcs
  3 ball pythons (D:2)
  2 giant cockroaches (D:2)
  6 hobgoblins
  2 quokkas
  6 bats
  3 frilled lizards
  A goblin (D:1)
  8 kobolds
  A leopard gecko skeleton (D:5)
  5 rats (D:2)
74 creatures vanquished.

Notes
Turn   | Place    | Note
-------+----------+-------------------------------------------
     0 | D:1      | diana the Barachi Fighter began the quest for the Orb.
     0 | D:1      | Reached XP level 1. HP: 18/18 MP: 1/1
   339 | D:1      | Reached XP level 2. HP: 24/25 MP: 2/2
   621 | D:2      | Reached skill level 3 in Long Blades
   621 | D:2      | Reached skill level 1 in Dodging
   646 | D:2      | Reached XP level 3. HP: 21/30 MP: 3/3
   691 | D:2      | Reached XP level 4. HP: 17/37 MP: 4/4
   821 | D:2      | Reached skill level 4 in Long Blades
  1301 | D:2      | Reached XP level 5. HP: 43/43 MP: 5/5
  1655 | D:3      | Reached skill level 5 in Long Blades
  1759 | D:3      | Found a stormy altar of Qazlal.
  2582 | D:4      | Reached XP level 6. HP: 46/50 MP: 6/6
  2592 | D:4      | Reached skill level 5 in Fighting
  3457 | D:5      | Entered Level 5 of the Dungeon
  3485 | D:5      | Reached skill level 6 in Long Blades
  3525 | D:5      | Found Iveariacs's Weapon Boutique.
  3561 | D:5      | Noticed a sky beast
  3597 | D:5      | Slain by a sky beast

Skill      XL: |  1  2  3  4  5  6 |
---------------+-------------------+-----
Long Blades    | 3 4 5 6 |  6.1
Dodging        | 1 2 3 |  3.3
Fighting       | 4 5 |  5.4
Armour         | |  3.7
Shields        | |  3.3

Action                   |  1- 3 |  4- 6 || total
-------------------------+-------+-------++-------
Melee: Long sword        |    84 |   272 ||   356
 Abil: Hop               |       |     1 ||     1
  Use: Potion            |     1 |     3 ||     4
  Eat: Chunk             |       |    11 ||    11
Armor: Scale mail        |    21 |       ||    21
       Chain mail        |    32 |   158 ||   190
Dodge: Dodged            |    23 |    68 ||    91
Block: Shield            |    45 |   172 ||   217
       Rpst.: Long sword |     6 |    21 ||    27
